 Dungeon Crawl Stone Soup version 0.22.1 (webtiles) character file.

2426 Nyarlathotep the Insei (level 9, -2/66 HPs)
             Began as an Octopode Transmuter on Sept 17, 2018.
             Was a Follower of Dithmenos.
             Slain by a hippogriff (3 damage)
             ... on level 7 of the Dungeon.
             The game lasted 00:31:04 (6543 turns).

Nyarlathotep the Insei (Octopode Transmuter)        Turns: 6543, Time: 00:31:05

Health: -2/66      AC:  6    Str: 10    XL:     9   Next: 48%
Magic:  4/16       EV: 13    Int: 20    God:    Dithmenos [*.....]
Gold:   230        SH:  0    Dex: 15    Spells: 5/18 levels left

rFire    x . .     SeeInvis .     - Unarmed
rCold    + + +     Gourm    .   (shield currently unavailable)
rNeg     . . .     Faith    .   (helmet currently unavailable)
rPois    +         Spirit   .   (no amulet)
rElec    .         Reflect  .   n - ring of wizardry
rCorr    .         Harm     .   (no ring)
MR       .....                  (no ring)
Stlth    +++.......             (no ring)
HPRegen  0.21/turn              (no ring)
MPRegen  0.15/turn              (no ring)
                                (no ring)
                                (no ring)

@: brilliant, ice-form, very slightly contaminated, wreathed by umbra
A: large, almost no armour, stealthy swim, amphibious, 8 rings, (constrict 8)
a: End Transformation, Renounce Religion


You were on level 7 of the Dungeon.
You worshipped Dithmenos.
Dithmenos was aware of your devotion.
You were not hungry.
You were a creature of crystalline ice.
You visited 2 branches of the dungeon, and saw 8 of its levels.

You collected 230 gold pieces.

Inventory:

Hand Weapons
 b - a +0 whip of freezing
 d - a +1 dire flail of holy wrath (melded)
Missiles
 a - 63 arrows
Armour
 h - a +0 hat (melded)
Jewellery
 n - a ring of wizardry (left front paw)
Wands
 q - a wand of random effects (15)
Scrolls
 e - a scroll of random uselessness
 f - 2 scrolls of amnesia
 g - 3 scrolls of remove curse
 i - 2 scrolls of teleportation
 j - 2 scrolls of identify
 m - 3 scrolls of magic mapping
 p - a scroll of fog {unknown}
Potions
 k - a potion of degeneration
 o - a potion of flight {unknown}
 r - a potion of mutation {unknown}
Comestibles
 c - 5 rations
 s - 2 chunks of flesh


   Skills:
 + Level 2.4 Fighting
 + Level 0.2 Maces & Flails
 + Level 5.2 Dodging
 + Level 4.6 Stealth
 + Level 7.6 Unarmed Combat
 + Level 5.1 Spellcasting
 + Level 5.0 Transmutations
 + Level 2.8 Ice Magic
 + Level 2.7 Poison Magic


You had 5 spell levels left.
You knew the following spells:

 Your Spells              Type           Power        Failure   Level  Hunger
a - Beastly Appendage     Tmut           #####.       1%          1    None
b - Spider Form           Tmut/Pois      ####......   1%          3    ##.....
c - Ice Form              Ice/Tmut       ####....     2%          4    ####...
d - Blade Hands           Tmut           #####.....   4%          5    #####..

Your spell library contained the following spells:

 Spells                   Type           Power        Failure   Level  Hunger
 Sticks to Snakes         Tmut           #####...     1%          2    None


Dungeon Overview and Level Annotations

Branches:
Dungeon (7/15)             Temple (1/1) D:5

Altars:
Ashenzari
Cheibriados
Dithmenos
Elyvilon
Fedhas
Gozag
Hepliaklqana
Kikubaaqudgha
Makhleb
Nemelex Xobeh
Okawaru
Qazlal
Ru
Sif Muna
Trog
Uskayaw
Vehumet
Wu Jian
Xom
Yredelemnul
Zin
The Shining One

Shops:
D:5 [


Innate Abilities, Weirdness & Mutations

You cannot wear most types of armour.
You are very stealthy in the water. (Stealth+)
You are amphibious.
You can wear up to eight rings at the same time.
((You can use your tentacles to constrict eight enemies at once.))
((Your skin changes colour to match your surroundings (Stealth+).))
((Your rubbery body absorbs attacks. (AC +1, EV +1)))


Message History

Your +1 dire flail of holy wrath melds into your body.
Your +0 hat melds into your body.
Your +1 dire flail of holy wrath stops glowing.
The hippogriff bites you! The hippogriff pecks you!
* * * LOW HITPOINT WARNING * * *
The hippogriff claws you but does no damage.
The orc closely misses you. The hippogriff bites you!
* * * LOW HITPOINT WARNING * * *
The hippogriff pecks you!
* * * LOW HITPOINT WARNING * * *
The hippogriff closely misses you.
Things that are here:
a dagger; a chain mail; an orc corpse It was a potion of brilliance.
You feel clever all of a sudden. The hippogriff bites you.
* * * LOW HITPOINT WARNING * * *
The hippogriff pecks you.
You die...

..............####
##
#######..###...... .
# #.....# #. ... .
#.##..###..##.##.#
#.##.......#...#.#
#.##.#####.....>.#
#.##.# #.#.o.#
#.##.### #...H##
#.##.......##Y#
#†##.########.#
#.............###.
####.#####.^^.......
##.# #.##.###.#.
#..# #.##.# #.##
#.##.#
######.######.##.#
..............##..


You could see a hippogriff and an orc.

Vanquished Creatures
  Pikel (D:4)
  Eustachio (D:4)
  Edmund (D:4)
  2 ice beasts
  3 sky beasts
  A phantom (D:5)
  A slave (D:4)
  2 ogres (D:6)
  Blork the orc (D:6)
  A gnoll sergeant (D:6)
  2 bullfrogs
  A howler monkey (D:5)
  3 crimson imps
  A bullfrog zombie (D:6)
  2 hounds (D:4)
  A bullfrog skeleton (D:5)
  An orc priest (D:5)
  3 orc wizards (D:4)
  An iguana (D:6)
  Natasha (thrice) (D:3 D:4)
  3 worker ants
  7 adders
  4 gnolls (D:6)
  A shadow imp (D:5)
  4 dart slugs
  2 leopard geckos
  22 orcs
  2 ball pythons
  5 giant cockroaches
  4 goblins (D:1)
  6 hobgoblins
  8 jackals
  2 quokkas
  6 bats
  4 frilled lizards
  A jackal skeleton (D:5)
  4 kobolds
  A leopard gecko skeleton (D:5)
  2 quokka skeletons
  2 rats
122 creatures vanquished.

Notes
Turn   | Place    | Note
-------+----------+-------------------------------------------
     0 | D:1      | Nyarlathotep the Octopode Transmuter began the quest for
                  | the Orb.
     0 | D:1      | Reached XP level 1. HP: 13/13 MP: 3/3
    95 | D:1      | Reached XP level 2. HP: 17/18 MP: 3/5
   911 | D:2      | Reached XP level 3. HP: 17/23 MP: 6/6
   916 | D:2      | Learned a level 3 spell: Spider Form
   920 | D:2      | Reached skill level 1 in Stealth
  1576 | D:2      | Reached XP level 4. HP: 27/28 MP: 3/7
  1876 | D:3      | Noticed Natasha
  1886 | D:3      | Killed Natasha
  1942 | D:3      | Noticed Natasha
  1949 | D:3      | Killed Natasha
  1949 | D:3      | Reached XP level 5. HP: 31/33 MP: 4/8
  2017 | D:3      | Learned a level 4 spell: Ice Form
  2437 | D:4      | Reached skill level 4 in Unarmed Combat
  2467 | D:4      | Noticed Natasha
  2473 | D:4      | Killed Natasha
  2506 | D:4      | Noticed Eustachio
  2735 | D:4      | Killed Eustachio
  2735 | D:4      | Reached skill level 1 in Poison Magic
  2735 | D:4      | Reached XP level 6. HP: 17/38 MP: 7/10
  3090 | D:4      | Noticed a slave
  3098 | D:4      | Noticed a slave
  3099 | D:4      | Noticed Pikel
  3103 | D:4      | Noticed a slave
  3104 | D:4      | Killed a slave
  3107 | D:4      | Noticed a slave
  3111 | D:4      | Killed Pikel
  3111 | D:4      | Reached skill level 5 in Unarmed Combat
  3111 | D:4      | Reached skill level 1 in Ice Magic
  3111 | D:4      | Reached XP level 7. HP: 12/44 MP: 5/12
  3549 | D:4      | Noticed Edmund
  3565 | D:4      | Killed Edmund
  3565 | D:4      | Reached XP level 8. HP: 45/50 MP: 9/13
  4052 | D:4      | Found a white marble altar of Elyvilon.
  4066 | D:4      | Became a worshipper of Elyvilon the Healer
  4268 | D:5      | Entered Level 5 of the Dungeon
  4330 | D:5      | Reached skill level 6 in Unarmed Combat
  4421 | D:5      | Found a staircase to the Ecumenical Temple.
  4455 | Temple   | Entered the Ecumenical Temple
  4464 | Temple   | Fell from the grace of Elyvilon
  4464 | Temple   | Became a worshipper of Dithmenos the Shadowed
  5158 | D:5      | Learned a level 5 spell: Blade Hands
  5568 | D:5      | Found Sihum's Armour Shop.
  5777 | D:6      | Reached XP level 9. HP: 47/55 MP: 10/15
  5883 | D:6      | Reached skill level 7 in Unarmed Combat
  5944 | D:6      | Noticed Blork the orc
  5954 | D:6      | Killed Blork the orc
  5954 | D:6      | Reached skill level 5 in Dodging
  6442 | D:7      | Reached * piety under Dithmenos
  6442 | D:7      | Reached skill level 5 in Spellcasting
  6530 | D:7      | Reached skill level 5 in Transmutations
  6542 | D:7      | HP: 3/66 [hippogriff (8)]
  6543 | D:7      | HP: 1/66 [hippogriff (3)]
  6543 | D:7      | Slain by a hippogriff

Skill      XL: |  1  2  3  4  5  6  7  8  9 |
---------------+----------------------------+-----
Stealth        | 1 2 3 4 |  4.6
Transmutations | 3 4 5 |  5.0
Unarmed Combat | 4 5 6 7 |  7.6
Spellcasting   | 3 4 5 |  5.1
Poison Magic   | 1 2 |  2.7
Dodging        | 3 4 5 |  5.2
Ice Magic      | 1 2 |  2.8
Fighting       | 2 |  2.4
Maces & Flails | |  0.2

Action                   |  1- 3 |  4- 6 |  7- 9 || total
-------------------------+-------+-------+-------++-------
Melee: Unarmed           |    61 |   110 |   190 ||   361
       Constrict         |    15 |     3 |     8 ||    26
       Kick              |     6 |     1 |       ||     7
       Punch             |     2 |     1 |     2 ||     5
       Tentacles         |     7 |     2 |     7 ||    16
       Dire flail        |       |       |     5 ||     5
 Cast: Beastly Appendage |    17 |     3 |     1 ||    21
       Spider Form       |     3 |    11 |     4 ||    18
       Ice Form          |       |     3 |    19 ||    22
       Blade Hands       |       |       |     9 ||     9
  Use: Scroll            |       |     5 |     2 ||     7
       Potion            |       |     4 |     1 ||     5
 Stab: Sleeping          |     7 |     1 |     4 ||    12
  Eat: Chunk             |     1 |     4 |     5 ||    10
       Ration            |     1 |     1 |     4 ||     6
Armor: Skin              |     2 |    32 |    38 ||    72
Dodge: Dodged            |    41 |   108 |   116 ||   265
